Unix NetHack Version 3.7.0-66 Work-in-progress - last build Oct 31 2022 03:30:20 (711e4685e6d698f680964a2e4aeefc23ca9efb07,branch:master).

Game began 2022-11-04 01:28:19, ended 2022-11-05 15:28:39.

Gandelf, neutral male human Monk

  
unreconnoitered
unreconnoitered
unreconnoitered
unreconnoitered
unreconnoitered
unreconnoitered
unreconnoitered
unreconnoitered
unreconnoitered
unreconnoitered
unreconnoitered
unreconnoitered
unreconnoitered
unreconnoitered
unreconnoitered
unreconnoitered
unreconnoitered
unreconnoitered
unreconnoitered
unreconnoitered
unreconnoitered
unreconnoitered
unreconnoitered
unreconnoitered
unreconnoitered
unreconnoitered
unreconnoitered
unreconnoitered
unreconnoitered
unreconnoitered
unreconnoitered
unreconnoitered
unreconnoitered
unreconnoitered
unreconnoitered
unreconnoitered
unreconnoitered
unreconnoitered
unreconnoitered
unreconnoitered
unreconnoitered
unreconnoitered
unreconnoitered
unreconnoitered
unreconnoitered
unreconnoitered
unreconnoitered
unreconnoitered
unreconnoitered
unreconnoitered
unreconnoitered
unreconnoitered
unreconnoitered
unreconnoitered
unreconnoitered
unreconnoitered
unreconnoitered
unreconnoitered
unreconnoitered
unreconnoitered
unreconnoitered
unreconnoitered
unreconnoitered
unreconnoitered
unreconnoitered
unreconnoitered
unreconnoitered
unreconnoitered
unreconnoitered
unreconnoitered
unreconnoitered
unreconnoitered
unreconnoitered
unreconnoitered
unreconnoitered
unreconnoitered
unreconnoitered
unreconnoitered
unreconnoitered
unreconnoitered
unreconnoitered
unreconnoitered
unreconnoitered
unreconnoitered
unreconnoitered
unreconnoitered
unreconnoitered
unreconnoitered
unreconnoitered
unreconnoitered
unreconnoitered
unreconnoitered
unreconnoitered
unreconnoitered
unreconnoitered
unreconnoitered
unreconnoitered
unreconnoitered
unreconnoitered
unreconnoitered
unreconnoitered
unreconnoitered
unreconnoitered
unreconnoitered
unreconnoitered
unreconnoitered
unreconnoitered
unreconnoitered
unreconnoitered
unreconnoitered
unreconnoitered
unreconnoitered
unreconnoitered
unreconnoitered
unreconnoitered
unreconnoitered
unreconnoitered
unreconnoitered
unreconnoitered
unreconnoitered
unreconnoitered
unreconnoitered
unreconnoitered
unreconnoitered
unreconnoitered
unreconnoitered
unreconnoitered
unreconnoitered
unreconnoitered
unreconnoitered
unreconnoitered
unreconnoitered
unreconnoitered
unreconnoitered
unreconnoitered
unreconnoitered
unreconnoitered
unreconnoitered
unreconnoitered
unreconnoitered
unreconnoitered
unreconnoitered
unreconnoitered
unreconnoitered
unreconnoitered
unreconnoitered
unreconnoitered
unreconnoitered
unreconnoitered
unreconnoitered
unreconnoitered
unreconnoitered
unreconnoitered
unreconnoitered
unreconnoitered
unreconnoitered
unreconnoitered
unreconnoitered
unreconnoitered
unreconnoitered
unreconnoitered
unreconnoitered
unreconnoitered
unreconnoitered
unreconnoitered
unreconnoitered
unreconnoitered
unreconnoitered
unreconnoitered
unreconnoitered
unreconnoitered
unreconnoitered
unreconnoitered
unreconnoitered
unreconnoitered
unreconnoitered
unreconnoitered
unreconnoitered
unreconnoitered
unreconnoitered
unreconnoitered
unreconnoitered
unreconnoitered
unreconnoitered
unreconnoitered
unreconnoitered
unreconnoitered
unreconnoitered
unreconnoitered
unreconnoitered
unreconnoitered
unreconnoitered
unreconnoitered
unreconnoitered
unreconnoitered
unreconnoitered
unreconnoitered
unreconnoitered
unreconnoitered
unreconnoitered
unreconnoitered
unreconnoitered
unreconnoitered
unreconnoitered
unreconnoitered
unreconnoitered
unreconnoitered
unreconnoitered
unreconnoitered
unreconnoitered
unreconnoitered
unreconnoitered
unreconnoitered
unreconnoitered
unreconnoitered
unreconnoitered
unreconnoitered
unreconnoitered
unreconnoitered
unreconnoitered
unreconnoitered
unreconnoitered
unreconnoitered
unreconnoitered
unreconnoitered
unreconnoitered
unreconnoitered
unreconnoitered
unreconnoitered
unreconnoitered
unreconnoitered
unreconnoitered
unreconnoitered
unreconnoitered
unreconnoitered
unreconnoitered
unreconnoitered
unreconnoitered
unreconnoitered
unreconnoitered
unreconnoitered
unreconnoitered
unreconnoitered
unreconnoitered
unreconnoitered
unreconnoitered
unreconnoitered
unreconnoitered
unreconnoitered
unreconnoitered
unreconnoitered
unreconnoitered
unreconnoitered
unreconnoitered
unreconnoitered
unreconnoitered
unreconnoitered
unreconnoitered
unreconnoitered
unreconnoitered
unreconnoitered
unreconnoitered
unreconnoitered
unreconnoitered
unreconnoitered
unreconnoitered
unreconnoitered
unreconnoitered
unreconnoitered
unreconnoitered
unreconnoitered
unreconnoitered
unreconnoitered
unreconnoitered
unreconnoitered
unreconnoitered
unreconnoitered
unreconnoitered
unreconnoitered
unreconnoitered
unreconnoitered
unreconnoitered
unreconnoitered
unreconnoitered
unreconnoitered
unreconnoitered
unreconnoitered
unreconnoitered
unreconnoitered
unreconnoitered
unreconnoitered
unreconnoitered
unreconnoitered
unreconnoitered
unreconnoitered
unreconnoitered
unreconnoitered
unreconnoitered
unreconnoitered
unreconnoitered
unreconnoitered
unreconnoitered
unreconnoitered
unreconnoitered
unreconnoitered
unreconnoitered
unreconnoitered
unreconnoitered
unreconnoitered
unreconnoitered
unreconnoitered
unreconnoitered
unreconnoitered
unreconnoitered
unreconnoitered
unreconnoitered
unreconnoitered
unreconnoitered
unreconnoitered
unreconnoitered
unreconnoitered
unreconnoitered
unreconnoitered
unreconnoitered
unreconnoitered
unreconnoitered
unreconnoitered
unreconnoitered
unreconnoitered
unreconnoitered
unreconnoitered
unreconnoitered
unreconnoitered
unreconnoitered
unreconnoitered
unreconnoitered
unreconnoitered
unreconnoitered
unreconnoitered
unreconnoitered
unreconnoitered
unreconnoitered
unreconnoitered
unreconnoitered
unreconnoitered
unreconnoitered
unreconnoitered
unreconnoitered
unreconnoitered
unreconnoitered
unreconnoitered
unreconnoitered
unreconnoitered
unreconnoitered
unreconnoitered
unreconnoitered
unreconnoitered
unreconnoitered
unreconnoitered
unreconnoitered
unreconnoitered
unreconnoitered
unreconnoitered
unreconnoitered
unreconnoitered
unreconnoitered
unreconnoitered
unreconnoitered
unreconnoitered
unreconnoitered
unreconnoitered
unreconnoitered
unreconnoitered
unreconnoitered
unreconnoitered
unreconnoitered
unreconnoitered
unreconnoitered
unreconnoitered
unreconnoitered
unreconnoitered
unreconnoitered
unreconnoitered
unreconnoitered
unreconnoitered
unreconnoitered
unreconnoitered
unreconnoitered
unreconnoitered
unreconnoitered
unreconnoitered
unreconnoitered
unreconnoitered
unreconnoitered
unreconnoitered
unreconnoitered
unreconnoitered
unreconnoitered
unreconnoitered
unreconnoitered
unreconnoitered
unreconnoitered
unreconnoitered
unreconnoitered
unreconnoitered
unreconnoitered
unreconnoitered
unreconnoitered
unreconnoitered
unreconnoitered
unreconnoitered
unreconnoitered
unreconnoitered
unreconnoitered
unreconnoitered
unreconnoitered
unreconnoitered
unreconnoitered
unreconnoitered
unreconnoitered
unreconnoitered
unreconnoitered
unreconnoitered
unreconnoitered
unreconnoitered
unreconnoitered
unreconnoitered
unreconnoitered
unreconnoitered
unreconnoitered
unreconnoitered
unreconnoitered
unreconnoitered
unreconnoitered
unreconnoitered
unreconnoitered
unreconnoitered
unreconnoitered
unreconnoitered
unreconnoitered
unreconnoitered
unreconnoitered
unreconnoitered
unreconnoitered
unreconnoitered
unreconnoitered
unreconnoitered
unreconnoitered
unreconnoitered
unreconnoitered
unreconnoitered
unreconnoitered
unreconnoitered
unreconnoitered
unreconnoitered
unreconnoitered
unreconnoitered
unreconnoitered
unreconnoitered
unreconnoitered
unreconnoitered
unreconnoitered
unreconnoitered
unreconnoitered
unreconnoitered
unreconnoitered
unreconnoitered
unreconnoitered
unreconnoitered
unreconnoitered
unreconnoitered
unreconnoitered
unreconnoitered
unreconnoitered
unreconnoitered
unreconnoitered
unreconnoitered
unreconnoitered
unreconnoitered
unreconnoitered
unreconnoitered
unreconnoitered
unreconnoitered
unreconnoitered
unreconnoitered
unreconnoitered
unreconnoitered
unreconnoitered
unreconnoitered
unreconnoitered
unreconnoitered
unreconnoitered
unreconnoitered
unreconnoitered
unreconnoitered
unreconnoitered
unreconnoitered
unreconnoitered
unreconnoitered
unreconnoitered
unreconnoitered
unreconnoitered
unreconnoitered
unreconnoitered
unreconnoitered
unreconnoitered
unreconnoitered
unreconnoitered
unreconnoitered
unreconnoitered
unreconnoitered
unreconnoitered
unreconnoitered
unreconnoitered
unreconnoitered
unreconnoitered
.unreconnoitered
.unreconnoitered
unreconnoitered
.unreconnoitered
.unreconnoitered
unreconnoitered
unreconnoitered
unreconnoitered
unreconnoitered
unreconnoitered
unreconnoitered
unreconnoitered
unreconnoitered
unreconnoitered
unreconnoitered
unreconnoitered
unreconnoitered
unreconnoitered
unreconnoitered
unreconnoitered
unreconnoitered
unreconnoitered
unreconnoitered
unreconnoitered
unreconnoitered
unreconnoitered
unreconnoitered
unreconnoitered
unreconnoitered
unreconnoitered
unreconnoitered
unreconnoitered
unreconnoitered
unreconnoitered
unreconnoitered
unreconnoitered
unreconnoitered
unreconnoitered
unreconnoitered
unreconnoitered
unreconnoitered
unreconnoitered
unreconnoitered
unreconnoitered
unreconnoitered
unreconnoitered
unreconnoitered
unreconnoitered
unreconnoitered
unreconnoitered
unreconnoitered
unreconnoitered
unreconnoitered
unreconnoitered
unreconnoitered
unreconnoitered
unreconnoitered
unreconnoitered
unreconnoitered
unreconnoitered
unreconnoitered
unreconnoitered
unreconnoitered
unreconnoitered
unreconnoitered
unreconnoitered
unreconnoitered
unreconnoitered
unreconnoitered
unreconnoitered
unreconnoitered
unreconnoitered
unreconnoitered
unreconnoitered
interior of an energy vortex
interior of an energy vortex
interior of an energy vortex
unreconnoitered
unreconnoitered
.unreconnoitered
.unreconnoitered
.unreconnoitered
.unreconnoitered
.unreconnoitered
.unreconnoitered
.unreconnoitered
.unreconnoitered
.unreconnoitered
unreconnoitered
unreconnoitered
unreconnoitered
unreconnoitered
unreconnoitered
unreconnoitered
unreconnoitered
unreconnoitered
unreconnoitered
unreconnoitered
unreconnoitered
unreconnoitered
unreconnoitered
unreconnoitered
unreconnoitered
unreconnoitered
unreconnoitered
unreconnoitered
unreconnoitered
unreconnoitered
unreconnoitered
unreconnoitered
unreconnoitered
unreconnoitered
unreconnoitered
unreconnoitered
unreconnoitered
unreconnoitered
unreconnoitered
unreconnoitered
unreconnoitered
unreconnoitered
unreconnoitered
unreconnoitered
unreconnoitered
unreconnoitered
unreconnoitered
unreconnoitered
unreconnoitered
unreconnoitered
unreconnoitered
unreconnoitered
unreconnoitered
unreconnoitered
unreconnoitered
unreconnoitered
unreconnoitered
unreconnoitered
unreconnoitered
unreconnoitered
unreconnoitered
unreconnoitered
unreconnoitered
unreconnoitered
unreconnoitered
.unreconnoitered
^unreconnoitered
.unreconnoitered
.unreconnoitered
.unreconnoitered
.unreconnoitered
.unreconnoitered
.unreconnoitered
.unreconnoitered
.unreconnoitered
.interior of an energy vortex
vhuman monk called Gandelf
.interior of an energy vortex
.unreconnoitered
.unreconnoitered
.unreconnoitered
unreconnoitered
.unreconnoitered
.unreconnoitered
.unreconnoitered
unreconnoitered
.unreconnoitered
.unreconnoitered
.unreconnoitered
unreconnoitered
unreconnoitered
unreconnoitered
unreconnoitered
unreconnoitered
unreconnoitered
unreconnoitered
unreconnoitered
unreconnoitered
unreconnoitered
unreconnoitered
unreconnoitered
unreconnoitered
unreconnoitered
unreconnoitered
unreconnoitered
unreconnoitered
unreconnoitered
unreconnoitered
unreconnoitered
unreconnoitered
unreconnoitered
unreconnoitered
unreconnoitered
unreconnoitered
unreconnoitered
unreconnoitered
unreconnoitered
unreconnoitered
unreconnoitered
unreconnoitered
unreconnoitered
unreconnoitered
unreconnoitered
unreconnoitered
unreconnoitered
unreconnoitered
unreconnoitered
unreconnoitered
unreconnoitered
unreconnoitered
unreconnoitered
unreconnoitered
unreconnoitered
unreconnoitered
unreconnoitered
unreconnoitered
unreconnoitered
unreconnoitered
unreconnoitered
unreconnoitered
unreconnoitered
unreconnoitered
unreconnoitered
unreconnoitered
+unreconnoitered
unreconnoitered
unreconnoitered
unreconnoitered
unreconnoitered
unreconnoitered
unreconnoitered
unreconnoitered
unreconnoitered
unreconnoitered
interior of an energy vortex
interior of an energy vortex
interior of an energy vortex
%unreconnoitered
.unreconnoitered
.unreconnoitered
.unreconnoitered
.unreconnoitered
unreconnoitered
.unreconnoitered
unreconnoitered
unreconnoitered
unreconnoitered
.unreconnoitered
unreconnoitered
unreconnoitered
unreconnoitered
unreconnoitered
unreconnoitered
unreconnoitered
unreconnoitered
unreconnoitered
unreconnoitered
unreconnoitered
unreconnoitered
unreconnoitered
unreconnoitered
unreconnoitered
unreconnoitered
unreconnoitered
unreconnoitered
unreconnoitered
unreconnoitered
unreconnoitered
unreconnoitered
unreconnoitered
unreconnoitered
unreconnoitered
unreconnoitered
unreconnoitered
unreconnoitered
unreconnoitered
unreconnoitered
unreconnoitered
unreconnoitered
unreconnoitered
unreconnoitered
unreconnoitered
unreconnoitered
unreconnoitered
unreconnoitered
unreconnoitered
unreconnoitered
unreconnoitered
unreconnoitered
unreconnoitered
unreconnoitered
unreconnoitered
unreconnoitered
unreconnoitered
unreconnoitered
unreconnoitered
unreconnoitered
unreconnoitered
unreconnoitered
unreconnoitered
unreconnoitered
unreconnoitered
unreconnoitered
.unreconnoitered
.unreconnoitered
.unreconnoitered
.unreconnoitered
.unreconnoitered
.unreconnoitered
.unreconnoitered
.unreconnoitered
.unreconnoitered
unreconnoitered
unreconnoitered
unreconnoitered
unreconnoitered
unreconnoitered
.unreconnoitered
unreconnoitered
.unreconnoitered
.unreconnoitered
.unreconnoitered
.unreconnoitered
.unreconnoitered
.unreconnoitered
.unreconnoitered
.unreconnoitered
unreconnoitered
unreconnoitered
unreconnoitered
unreconnoitered
unreconnoitered
unreconnoitered
unreconnoitered
unreconnoitered
unreconnoitered
unreconnoitered
unreconnoitered
unreconnoitered
unreconnoitered
unreconnoitered
unreconnoitered
unreconnoitered
unreconnoitered
unreconnoitered
unreconnoitered
unreconnoitered
unreconnoitered
unreconnoitered
unreconnoitered
unreconnoitered
unreconnoitered
unreconnoitered
unreconnoitered
unreconnoitered
unreconnoitered
unreconnoitered
unreconnoitered
unreconnoitered
unreconnoitered
unreconnoitered
unreconnoitered
unreconnoitered
unreconnoitered
unreconnoitered
unreconnoitered
unreconnoitered
unreconnoitered
unreconnoitered
unreconnoitered
unreconnoitered
unreconnoitered
unreconnoitered
unreconnoitered
unreconnoitered
unreconnoitered
unreconnoitered
unreconnoitered
unreconnoitered
unreconnoitered
unreconnoitered
unreconnoitered
.unreconnoitered
.unreconnoitered
.unreconnoitered
.unreconnoitered
.unreconnoitered
.unreconnoitered
.unreconnoitered
.unreconnoitered
.unreconnoitered
unreconnoitered
unreconnoitered
unreconnoitered
unreconnoitered
unreconnoitered
.unreconnoitered
unreconnoitered
unreconnoitered
.unreconnoitered
.unreconnoitered
unreconnoitered
unreconnoitered
unreconnoitered
unreconnoitered
.unreconnoitered
unreconnoitered
unreconnoitered
unreconnoitered
unreconnoitered
unreconnoitered
unreconnoitered
unreconnoitered
unreconnoitered
unreconnoitered
unreconnoitered
unreconnoitered
unreconnoitered
unreconnoitered
unreconnoitered
unreconnoitered
unreconnoitered
unreconnoitered
unreconnoitered
unreconnoitered
unreconnoitered
unreconnoitered
unreconnoitered
unreconnoitered
unreconnoitered
unreconnoitered
unreconnoitered
unreconnoitered
unreconnoitered
unreconnoitered
unreconnoitered
unreconnoitered
unreconnoitered
unreconnoitered
unreconnoitered
unreconnoitered
unreconnoitered
unreconnoitered
unreconnoitered
unreconnoitered
unreconnoitered
unreconnoitered
unreconnoitered
unreconnoitered
unreconnoitered
unreconnoitered
unreconnoitered
unreconnoitered
unreconnoitered
unreconnoitered
unreconnoitered
unreconnoitered
unreconnoitered
unreconnoitered
unreconnoitered
unreconnoitered
.unreconnoitered
.unreconnoitered
.unreconnoitered
.unreconnoitered
.unreconnoitered
.unreconnoitered
.unreconnoitered
.unreconnoitered
.unreconnoitered
unreconnoitered
unreconnoitered
unreconnoitered
unreconnoitered
unreconnoitered
.unreconnoitered
.unreconnoitered
unreconnoitered
.unreconnoitered
.unreconnoitered
.unreconnoitered
.unreconnoitered
.unreconnoitered
.unreconnoitered
.unreconnoitered
unreconnoitered
unreconnoitered
unreconnoitered
unreconnoitered
unreconnoitered
unreconnoitered
unreconnoitered
unreconnoitered
unreconnoitered
unreconnoitered
unreconnoitered
unreconnoitered
unreconnoitered
unreconnoitered
unreconnoitered
unreconnoitered
unreconnoitered
unreconnoitered
unreconnoitered
unreconnoitered
unreconnoitered
unreconnoitered
unreconnoitered
unreconnoitered
unreconnoitered
unreconnoitered
unreconnoitered
unreconnoitered
unreconnoitered
unreconnoitered
unreconnoitered
unreconnoitered
unreconnoitered
unreconnoitered
unreconnoitered
unreconnoitered
unreconnoitered
unreconnoitered
unreconnoitered
unreconnoitered
unreconnoitered
unreconnoitered
unreconnoitered
unreconnoitered
unreconnoitered
unreconnoitered
unreconnoitered
unreconnoitered
unreconnoitered
unreconnoitered
unreconnoitered
unreconnoitered
unreconnoitered
unreconnoitered
unreconnoitered
.unreconnoitered
.unreconnoitered
.unreconnoitered
.unreconnoitered
.unreconnoitered
.unreconnoitered
.unreconnoitered
.unreconnoitered
.unreconnoitered
unreconnoitered
unreconnoitered
unreconnoitered
unreconnoitered
unreconnoitered
unreconnoitered
.unreconnoitered
.unreconnoitered
.unreconnoitered
.unreconnoitered
.unreconnoitered
.unreconnoitered
.unreconnoitered
.unreconnoitered
.unreconnoitered
unreconnoitered
unreconnoitered
unreconnoitered
unreconnoitered
unreconnoitered
unreconnoitered
unreconnoitered
unreconnoitered
unreconnoitered
unreconnoitered
unreconnoitered
unreconnoitered
unreconnoitered
unreconnoitered
unreconnoitered
unreconnoitered
unreconnoitered
unreconnoitered
unreconnoitered
unreconnoitered
unreconnoitered
unreconnoitered
unreconnoitered
unreconnoitered
unreconnoitered
unreconnoitered
unreconnoitered
unreconnoitered
unreconnoitered
unreconnoitered
unreconnoitered
unreconnoitered
unreconnoitered
unreconnoitered
unreconnoitered
unreconnoitered
unreconnoitered
unreconnoitered
unreconnoitered
unreconnoitered
unreconnoitered
unreconnoitered
unreconnoitered
unreconnoitered
unreconnoitered
unreconnoitered
unreconnoitered
unreconnoitered
unreconnoitered
unreconnoitered
unreconnoitered
unreconnoitered
unreconnoitered
unreconnoitered
unreconnoitered
.unreconnoitered
.unreconnoitered
.unreconnoitered
.unreconnoitered
<unreconnoitered
.unreconnoitered
.unreconnoitered
.unreconnoitered
.unreconnoitered
unreconnoitered
unreconnoitered
unreconnoitered
unreconnoitered
unreconnoitered
0unreconnoitered
0unreconnoitered
.unreconnoitered
unreconnoitered
.unreconnoitered
.unreconnoitered
.unreconnoitered
unreconnoitered
0unreconnoitered
.unreconnoitered
unreconnoitered
unreconnoitered
unreconnoitered
unreconnoitered
unreconnoitered
unreconnoitered
unreconnoitered
unreconnoitered
unreconnoitered
unreconnoitered
unreconnoitered
unreconnoitered
unreconnoitered
unreconnoitered
unreconnoitered
unreconnoitered
unreconnoitered
unreconnoitered
unreconnoitered
unreconnoitered
unreconnoitered
unreconnoitered
unreconnoitered
unreconnoitered
unreconnoitered
unreconnoitered
unreconnoitered
unreconnoitered
unreconnoitered
unreconnoitered
unreconnoitered
unreconnoitered
unreconnoitered
unreconnoitered
unreconnoitered
unreconnoitered
unreconnoitered
unreconnoitered
unreconnoitered
unreconnoitered
unreconnoitered
unreconnoitered
unreconnoitered
unreconnoitered
unreconnoitered
unreconnoitered
unreconnoitered
unreconnoitered
unreconnoitered
unreconnoitered
unreconnoitered
unreconnoitered
unreconnoitered
unreconnoitered
unreconnoitered
.unreconnoitered
.unreconnoitered
.unreconnoitered
.unreconnoitered
.unreconnoitered
.unreconnoitered
.unreconnoitered
.unreconnoitered
.unreconnoitered
unreconnoitered
unreconnoitered
unreconnoitered
unreconnoitered
unreconnoitered
.unreconnoitered
unreconnoitered
0unreconnoitered
unreconnoitered
unreconnoitered
unreconnoitered
unreconnoitered
unreconnoitered
.unreconnoitered
.unreconnoitered
unreconnoitered
unreconnoitered
unreconnoitered
unreconnoitered
unreconnoitered
unreconnoitered
unreconnoitered
unreconnoitered
unreconnoitered
unreconnoitered
unreconnoitered
unreconnoitered
unreconnoitered
unreconnoitered
unreconnoitered
unreconnoitered
unreconnoitered
unreconnoitered
unreconnoitered
unreconnoitered
unreconnoitered
unreconnoitered
unreconnoitered
unreconnoitered
unreconnoitered
unreconnoitered
unreconnoitered
unreconnoitered
unreconnoitered
unreconnoitered
unreconnoitered
unreconnoitered
unreconnoitered
unreconnoitered
unreconnoitered
unreconnoitered
unreconnoitered
unreconnoitered
unreconnoitered
unreconnoitered
unreconnoitered
unreconnoitered
unreconnoitered
unreconnoitered
unreconnoitered
unreconnoitered
unreconnoitered
unreconnoitered
unreconnoitered
unreconnoitered
unreconnoitered
unreconnoitered
unreconnoitered
unreconnoitered
unreconnoitered
.unreconnoitered
.unreconnoitered
.unreconnoitered
.unreconnoitered
.unreconnoitered
.unreconnoitered
.unreconnoitered
.unreconnoitered
.unreconnoitered
unreconnoitered
unreconnoitered
unreconnoitered
unreconnoitered
unreconnoitered
.unreconnoitered
.unreconnoitered
.unreconnoitered
.unreconnoitered
.unreconnoitered
.unreconnoitered
.unreconnoitered
.unreconnoitered
0unreconnoitered
.unreconnoitered
unreconnoitered
unreconnoitered
unreconnoitered
unreconnoitered
unreconnoitered
unreconnoitered
unreconnoitered
unreconnoitered
unreconnoitered
unreconnoitered
unreconnoitered
unreconnoitered
unreconnoitered
unreconnoitered
unreconnoitered
unreconnoitered
unreconnoitered
unreconnoitered
unreconnoitered
unreconnoitered
unreconnoitered
unreconnoitered
unreconnoitered
unreconnoitered
unreconnoitered
unreconnoitered
unreconnoitered
unreconnoitered
unreconnoitered
unreconnoitered
unreconnoitered
unreconnoitered
unreconnoitered
unreconnoitered
unreconnoitered
unreconnoitered
unreconnoitered
unreconnoitered
unreconnoitered
unreconnoitered
unreconnoitered
unreconnoitered
unreconnoitered
unreconnoitered
unreconnoitered
unreconnoitered
unreconnoitered
unreconnoitered
unreconnoitered
unreconnoitered
unreconnoitered
unreconnoitered
unreconnoitered
unreconnoitered
unreconnoitered
.unreconnoitered
.unreconnoitered
.unreconnoitered
.unreconnoitered
.unreconnoitered
.unreconnoitered
.unreconnoitered
.unreconnoitered
.unreconnoitered
unreconnoitered
unreconnoitered
unreconnoitered
unreconnoitered
unreconnoitered
unreconnoitered
unreconnoitered
unreconnoitered
unreconnoitered
unreconnoitered
unreconnoitered
unreconnoitered
>unreconnoitered
.unreconnoitered
unreconnoitered
unreconnoitered
unreconnoitered
unreconnoitered
unreconnoitered
unreconnoitered
unreconnoitered
unreconnoitered
unreconnoitered
unreconnoitered
unreconnoitered
unreconnoitered
unreconnoitered
unreconnoitered
unreconnoitered
unreconnoitered
unreconnoitered
unreconnoitered
unreconnoitered
unreconnoitered
unreconnoitered
unreconnoitered
unreconnoitered
unreconnoitered
unreconnoitered
unreconnoitered
unreconnoitered
unreconnoitered
unreconnoitered
unreconnoitered
unreconnoitered
unreconnoitered
unreconnoitered
unreconnoitered
unreconnoitered
unreconnoitered
unreconnoitered
unreconnoitered
unreconnoitered
unreconnoitered
unreconnoitered
unreconnoitered
unreconnoitered
unreconnoitered
unreconnoitered
unreconnoitered
unreconnoitered
unreconnoitered
unreconnoitered
unreconnoitered
unreconnoitered
unreconnoitered
unreconnoitered
unreconnoitered
unreconnoitered
unreconnoitered
unreconnoitered
unreconnoitered
unreconnoitered
unreconnoitered
unreconnoitered
unreconnoitered
unreconnoitered
unreconnoitered
unreconnoitered
unreconnoitered
unreconnoitered
unreconnoitered
unreconnoitered
unreconnoitered
unreconnoitered
unreconnoitered
unreconnoitered
unreconnoitered
unreconnoitered
unreconnoitered
unreconnoitered
unreconnoitered
unreconnoitered
unreconnoitered
unreconnoitered
unreconnoitered
unreconnoitered
unreconnoitered
unreconnoitered
unreconnoitered
unreconnoitered
unreconnoitered
unreconnoitered
unreconnoitered
unreconnoitered
unreconnoitered
unreconnoitered
unreconnoitered
unreconnoitered
unreconnoitered
unreconnoitered
unreconnoitered
unreconnoitered
unreconnoitered
unreconnoitered
unreconnoitered
unreconnoitered
unreconnoitered
unreconnoitered
unreconnoitered
unreconnoitered
unreconnoitered
unreconnoitered
unreconnoitered
unreconnoitered
unreconnoitered
unreconnoitered
unreconnoitered
unreconnoitered
unreconnoitered
unreconnoitered
unreconnoitered
unreconnoitered
unreconnoitered
unreconnoitered
unreconnoitered
unreconnoitered
unreconnoitered
unreconnoitered
unreconnoitered
unreconnoitered
unreconnoitered
unreconnoitered
unreconnoitered
unreconnoitered
unreconnoitered
unreconnoitered
unreconnoitered
unreconnoitered
unreconnoitered
unreconnoitered
unreconnoitered
unreconnoitered
unreconnoitered
unreconnoitered
unreconnoitered
unreconnoitered
unreconnoitered
unreconnoitered
unreconnoitered
unreconnoitered
unreconnoitered
unreconnoitered
unreconnoitered
unreconnoitered
unreconnoitered
unreconnoitered
unreconnoitered
unreconnoitered
unreconnoitered
unreconnoitered
unreconnoitered
unreconnoitered
unreconnoitered
unreconnoitered
unreconnoitered
unreconnoitered
unreconnoitered
unreconnoitered
unreconnoitered
unreconnoitered
unreconnoitered
unreconnoitered
unreconnoitered
unreconnoitered
unreconnoitered
unreconnoitered
unreconnoitered
unreconnoitered
unreconnoitered
unreconnoitered
unreconnoitered
unreconnoitered
unreconnoitered
unreconnoitered
unreconnoitered
unreconnoitered
unreconnoitered
unreconnoitered
unreconnoitered
unreconnoitered
unreconnoitered
unreconnoitered
unreconnoitered
unreconnoitered
unreconnoitered
unreconnoitered
unreconnoitered
unreconnoitered
unreconnoitered
unreconnoitered
unreconnoitered
unreconnoitered
unreconnoitered
unreconnoitered
unreconnoitered
unreconnoitered
unreconnoitered
unreconnoitered
unreconnoitered
unreconnoitered
unreconnoitered
unreconnoitered
unreconnoitered
unreconnoitered
unreconnoitered
unreconnoitered
unreconnoitered
unreconnoitered
unreconnoitered
unreconnoitered
unreconnoitered
unreconnoitered
unreconnoitered
unreconnoitered
unreconnoitered
unreconnoitered
unreconnoitered
unreconnoitered
unreconnoitered
unreconnoitered
unreconnoitered
unreconnoitered
unreconnoitered
unreconnoitered
unreconnoitered
unreconnoitered
unreconnoitered
unreconnoitered
unreconnoitered
unreconnoitered
unreconnoitered
unreconnoitered
unreconnoitered
unreconnoitered
unreconnoitered
unreconnoitered
unreconnoitered
unreconnoitered
unreconnoitered
unreconnoitered
unreconnoitered
unreconnoitered
unreconnoitered
unreconnoitered
unreconnoitered
unreconnoitered
unreconnoitered
unreconnoitered
unreconnoitered
unreconnoitered
unreconnoitered
unreconnoitered
unreconnoitered
unreconnoitered
unreconnoitered
unreconnoitered
unreconnoitered
unreconnoitered
unreconnoitered
[Gandelf the Initiate ] St:15 Dx:16 Co:13 In:9 Wi:14 Ch:11 Neutral S:6949 Dlvl:8 $:0 HP:0(61) Pw:38(48) AC:4 Xp:8/1450 T:6448

Latest messages:

You see here a candy bar.
With great effort you move the boulder.
With great effort you move the boulder.
With great effort you move the boulder.
The boulder falls into and plugs a hole in the floor!
With great effort you move the boulder.
With great effort you move the boulder.
With great effort you move the boulder.
The boulder falls into and plugs a hole in the floor!
The killer bee stings!
You miss the killer bee.
The killer bee just misses!
The killer bee stings!
The killer bee stings!
The killer bee misses!
The killer bee stings!
The killer bee stings!
You kill the killer bee!
The energy vortex engulfs you!
The air around you crackles with electricity.
You hit the energy vortex.
You are jolted with electricity!
You get expelled!
The energy vortex misses!
In what direction? .
You feel better.
The energy vortex touches you!
The energy vortex misses!
In what direction? .
You feel better.
The energy vortex touches you!
You get zapped!
Your wand called ne breaks apart and explodes!
Your wand of light breaks apart and explodes!
The energy vortex misses!
You hit the energy vortex!
You are jolted with electricity!
The energy vortex touches you!
The energy vortex misses!
You hit the energy vortex!
The energy vortex engulfs you!
The air around you crackles with electricity.
You hit the energy vortex.
You are jolted with electricity!
You die...
Do you want your possessions identified? [ynq] (y) y
Do you want to see your attributes? [ynq] (y) y
Do you want an account of creatures vanquished? [ynaq] (y) y
Do you want to see your conduct and achievements? [ynq] (y) y
Do you want to see the dungeon overview? [ynq] (y) y

Inventory:

Armor

a - an uncursed +2 pair of leather gloves (being worn)
E - an uncursed +0 pair of iron shoes
b - an uncursed +1 robe (being worn)

Comestibles

f - an uncursed partly eaten food ration
l - an uncursed food ration
D - an uncursed fortune cookie
r - an uncursed pear

Scrolls

m - a blessed scroll of earth
o - an uncursed scroll of earth
h - an uncursed scroll of identify

Potions

e - an uncursed potion of speed

Rings

j - a cursed -1 ring of adornment
c - an uncursed ring of conflict
p - an uncursed ring of fire resistance

Wands

X - a wand of enlightenment (0:14)
u - a wand of light (0:11)
F - a wand of magic missile (0:4)

Tools

A - an uncursed bag of holding containing 48 items
O - a cursed credit card
k - an uncursed skeleton key
Y - an uncursed stethoscope
v - an uncursed tallow candle
C - an uncursed tin whistle
N - a cursed tin whistle
B - a +0 unicorn horn

Gems/Stones

g - an uncursed worthless piece of green glass
i - an uncursed worthless piece of orange glass

Contents of the bag of holding:

161 gold pieces
an uncursed amulet versus poison
7 blessed +1 arrows
7 +0 arrows
10 +0 ya
6 cursed +0 darts
a +0 dagger
a cursed +0 trident
a +0 spetum
an uncursed +2 pair of leather gloves
an uncursed +0 mummy wrapping
a cursed +1 robe
5 uncursed apples
6 cursed apples
an uncursed candy bar labeled "Nilla Crunchie"
3 cursed food rations
3 uncursed fortune cookies
4 cursed fortune cookies
6 uncursed oranges
a cursed scroll of destroy armor
an uncursed scroll of fire
a cursed scroll of food detection
an uncursed scroll of remove curse
a cursed spellbook of confuse monster
an uncursed spellbook of detect monsters
a blessed spellbook of healing
an uncursed spellbook of jumping
2 uncursed potions of blindness
an uncursed potion of fruit juice
an uncursed potion of hallucination
a blessed potion of healing
an uncursed potion of invisibility
an uncursed potion of levitation
an uncursed potion of monster detection
an uncursed potion of object detection
an uncursed potion of restore ability
2 uncursed potions of see invisible
an uncursed potion of sickness
a blessed potion of sleeping
an uncursed potion of sleeping
4 uncursed potions of water
3 uncursed potions of water
an uncursed skeleton key
an uncursed skeleton key
an uncursed fluorite stone
2 uncursed worthless pieces of green glass
a cursed worthless piece of orange glass
a cursed worthless piece of white glass

Gandelf the Monk's attributes:


Background:

You were an Initiate, a level 8 male human Monk.
You were neutral, on a mission for Chih Sung-tzu
who was opposed by Shan Lai Ching (lawful) and Huan Ti (chaotic).
You were in Sokoban, on level 8.
You entered the dungeon 6448 turns ago.
You had 1450 experience points, 1110 more were needed to attain level 9.
Your score was 6949 before end-of-game adjustments.

Basics:

You had 0 out of 61 hit points.
You had 38 out of 48 energy points (spell power).
Your armor class was 4.
Your wallet was empty, but
you had 161 zorkmids stashed away in your pack.
Autopickup was off.

Final Characteristics:

Your strength was 15 (limit:18/100).
Your dexterity was 16 (limit:18).
Your constitution was 13 (limit:18).
Your intelligence was 9 (limit:18).
Your wisdom was 14 (limit:18).
Your charisma was 11 (limit:18).

Final Status:

You were engulfed by an energy vortex.
You were not hungry.
You were unencumbered.
You were empty handed.
You were skilled in martial arts and could have enhanced that.

Final Attributes:

You were piously aligned.
You were sleep resistant.
You were poison resistant.
You saw invisible.
You were warned.
You were stealthy.
You were guarded.
You were fast.
You are dead.

Miscellaneous:
You encountered 1 bones level.
Total elapsed playing time was 47 minutes and 43 seconds.

Major events:

Turn

1: Gandelf the neutral male human Monk entered the dungeon
750: attained the rank of Novice (level 3)
2210: destroyed Gandelf's ghost, the former Candidate
2757: attained the rank of Initiate (level 6)
5602: entered Sokoban
5889: completed 1st Sokoban level
6448: killed by an energy vortex

Vanquished creatures:

2 ghosts
a water demon
2 small mimics
an ettin zombie
a giant beetle
a cockatrice
2 lynxes
an iron piercer
a horse
a black light
a rust monster
2 lizards
a white unicorn
a dust vortex
a snake
a Woodland-elf
a wood nymph
a water nymph
a rock piercer
2 rock moles
2 fog clouds
2 yellow lights
a shrieker
a violet fungus
a gnome leader
2 kobold mummies
2 gray oozes
5 elf zombies
a straw golem
a little dog
3 dwarves
3 rothes
2 rabid rats
a centipede
a giant bat
an orc zombie
4 dwarf zombies
2 wererats
3 iguanas
a killer bee
2 acid blobs
a gas spore
a giant rat
4 cave spiders
a brown mold
a yellow mold
a red mold
3 gnome zombies
3 geckos
7 jackals
a fox
3 goblins
3 sewer rats
6 grid bugs
3 bats
5 lichens
a kobold zombie
6 newts
116 creatures vanquished.
No species were genocided or became extinct.

Voluntary challenges:

You followed a strict vegan diet.
You never hit with a wielded weapon.
You read items or engraved 8 times.
You never engraved Elbereth.
You never genocided any monsters.
You never polymorphed an object.
You never changed form.
You used no wishes.
You did not violate any of the special Sokoban rules.

Achievements:

You entered a shop.
You attained the rank of Novice.
You attained the rank of Initiate.
You entered Sokoban.

The Dungeons of Doom: levels 1 to 10

   Level 1:
Some fountains.
Level 2:
A shop, some fountains.
Level 3:
A fountain.
Level 4:
A fountain.
Level 5:
A general store, a fountain.
Final resting place for
Gandelf-Mon-Hum-Mal-Neu, killed by a water demon.
Level 6:
A grave.
Level 7:
Level 8:
A potion shop.
Level 9:
Many fountains.
Level 10:
A fountain.
Stairs up to Sokoban, level 9.

Sokoban: levels 9 up to 8

   Level 8: <- You were here.
Unsolved.
Final resting place for
you, killed by an energy vortex.
Level 9:
Solved.

Game over:

----------
/ \
/ REST \
/ IN \
/ PEACE \
/ \
| Gandelf |
| 161 Au |
| killed by an |
| energy vortex |
| |
| |
| 2022 |
*| * * * | *
_________)/\\_//(\/(/\)/\//\/|_)_______

Goodbye Gandelf the Monk...


You died in Sokoban on dungeon level 8 with 6933 points,
and 161 pieces of gold, after 6448 moves.
You were level 8 with a maximum of 61 hit points when you died.